 Dungeon Crawl Stone Soup version 0.29-a0-723-gce39da1c22 (webtiles) character file.

Game seed: 163506776729711973

4 riojii the Magician (level 1, -1/15 HPs)
             Began as a Djinni Summoner on June 29, 2022.
             Slain by a jackal (2 damage)
             ... on level 1 of the Dungeon.
             The game lasted 00:00:34 (175 turns).

riojii the Magician (Djinni Summoner)                Turns: 175, Time: 00:00:34

Health: -1/15      AC:  2    Str:  7    XL:     1   Next: 77%
Gold:   12         EV: 12    Int: 16    God:
                   SH:  0    Dex: 13

rFire   + + .      SeeInvis .   (no weapon)
rCold   x . .      Faith    .   (no shield)
rNeg    . . .      Spirit   .   a - +0 robe
rPois   ∞          Reflect  .   (no helmet)
rElec   .          Harm     .   (no cloak)
rCorr   .          Rampage  .   (no gloves)
Will    .....                   (boots unavailable)
Stlth   ++........              (no amulet)
HPRegen 0.05/turn               (no ring)
MPRegen 0.00/turn               (no ring)

@: flying
A: sickness immunity, fire resistance 2, cold vulnerability 1, float, innate
caster, HP casting, extra vitality 1
a: no special abilities


You were on level 1 of the Dungeon.
You visited 1 branch of the dungeon, and saw 1 of its levels.

You collected 12 gold pieces.

Inventory:

Armour
 a - a +0 robe (worn)
Scrolls
 b - a scroll of identify {unknown}
Potions
 c - a potion of might {unknown}


   Skills:
 + Level 0.2 Fighting
 + Level 2.3 Dodging
 + Level 1.6 Stealth
 * Level 3.3 Spellcasting


You couldn't memorise any spells.
You knew the following spells:

 Your Spells              Type           Power      Damage    Failure   Level
a - Summon Small Mammal   Summ           52%        N/A       4%          1
b - Call Imp              Summ           13%        N/A       7%          2
c - Call Canine Familiar  Summ           13%        N/A       14%         3
d - Summon Guardian Gole  Hex/Summ       13%        N/A       14%         3
e - Summon Lightning Spi  Summ/Air       13%        N/A       41%         4
Your spell library was empty.

Dungeon Overview and Level Annotations

Branches:
Dungeon (1/15)

Altars:


Innate Abilities, Weirdness & Mutations

You are immune to sickness and miasma.
You are immune to poison.
Your flesh is very heat resistant. (rF++)
You are vulnerable to cold. (rC-)
You float through the air rather than walking.
You learn spells naturally, not from books.
Your magical power is your life essence.
You have superior vitality. (+4 MHP)


Message History

* * * LOW HITPOINT WARNING * * *
Your bat hits the jackal but does no damage.
The goblin attacks as you move away! The goblin closely misses you.
Your bat hits the jackal.
The jackal dies!
Your bat barely misses the jackal.
The jackal misses your bat.
Your bat hits the jackal.
You see here a jackal corpse.
Your bat hits the jackal.
Your bat closely misses the jackal.
A quokka comes into view.
The goblin hits your bat with a +0 club.
You are too injured to fight recklessly!
The jackal attacks as you move away!
The jackal bites you but does no damage.
Your bat barely misses the goblin.
The jackal barely misses you.
The goblin hits your bat with a +0 club.
Your bat hits the endoplasm but does no damage.
Your bat disappears in a puff of smoke!
Your bat hits the jackal but does no damage.
Your bat misses the jackal. Your bat hits the goblin.
Your bat hits the endoplasm but does no damage.
Your bat hits the endoplasm but does no damage.
The quokka bites your bat. The jackal barely misses you.
Your bat barely misses the endoplasm.
The jackal attacks as you move away! The jackal closely misses you.
The jackal barely misses you. The jackal attacks as you move away!
The jackal bites you.
* * * LOW HITPOINT WARNING * * *
The jackal barely misses you. The jackal attacks as you move away!
The jackal bites you.
* * * LOW HITPOINT WARNING * * *
The jackal bites you.
* * * LOW HITPOINT WARNING * * *
The jackal barely misses you. The jackal closely misses you.
The jackal closely misses you. x2
The jackal barely misses you. The jackal closely misses you.
The jackal bites you.
You die...

##....†.r.....
#......b."#
#.#####J#.# ###.#
#.#.#.# #...# #g....#
#.#.# #.#.###
##.####.#.#####.#.#
........#J......# #
.......@hgr..##.#
.#.###..#######.# #..#
#.# .# #..# #.# ..
###..#### #.# . ###.
........####.# .. #...
###.........# ...#...
+##+#...###..#
#......##<>##..#####.#


You could see an endoplasm, a quokka, a jackal and a goblin.

Vanquished Creatures
  A jackal (D:1)
1 creature vanquished.

Vanquished Creatures (collateral kills)
  2 jackals (D:1)
  A bat (D:1)
3 creatures vanquished.

Grand Total: 4 creatures vanquished

Notes
Turn   | Place    | Note
-------+----------+-------------------------------------------
     0 | D:1      | riojii the Djinni Summoner began the quest for the Orb.
     0 | D:1      | riojii set off with the following spells memorised: Summon
                  | Small Mammal, Call Imp, Call Canine Familiar, Summon
                  | Guardian Golem, Summon Lightning Spire.
     0 | D:1      | Reached XP level 1. HP: 15/15 MP: 0/0
   175 | D:1      | Slain by a jackal

Illustrated notes

Levels and vault maps discovered:
D:1:      dpeg_arrival_pits, layout_loops_ring, minivault_4, hex_medium

Action                   || total
-------------------------++-------
Melee: Unarmed           ||    10
 Cast: Summon Small Mamm ||     6
Armor: Robe              ||     8
Dodge: Dodged            ||    28

Table legend: (Time is in decaauts)
 A = Elapsed time spent in this place.
 B = Non-inter-level travel time spent in this place.
 C = Inter-level travel time spent in this place.
 D = Time resting spent in this place.
 E = Time spent auto-exploring this place.
 F = Levels seen in this place.
 G = Mean time per level.
                   A        B        C        D        E       F      G
               +--------+--------+--------+--------+--------+-----+--------+
         Total |    175 |    175 |      0 |      0 |    112 |   1 |  175.0 |
       Dungeon |    175 |    175 |      0 |      0 |    112 |   1 |  175.0 |
               +--------+--------+--------+--------+--------+-----+--------+

Top non-repeatable levels by time:
     D:1: 175 daAuts
